 Dungeon Crawl Stone Soup version 0.26-a0-646-g5d7718319a (webtiles) character file.

Game seed: 6769867392270422029

284 Gargoyl the Skirmisher (level 6, -5/53 HPs)
             Began as a Gnoll Abyssal Knight on Sept 24, 2020.
             Was a Priest of Lugonu.
             Slain by a wraith (7 damage)
             ... in an ossuary.
             The game lasted 00:04:28 (3237 turns).

Gargoyl the Skirmisher (Gnoll Abyssal Knight)       Turns: 3237, Time: 00:04:28

Health: -5/53      AC:  9    Str: 17    XL:     6   Next: 29%
Magic:  9/9        EV:  5    Int: 14    God:    Lugonu [***...]
Gold:   245        SH:  8    Dex: 14    Spells: 8/8 levels left

rFire    . . .     SeeInvis .   a - +3 hand axe
rCold    . . .     Faith    .   g - +0 kite shield
rNeg     . . .     Spirit   .   c - +0 chain mail
rPois    .         Reflect  .   (no helmet)
rElec    .         Harm     .   (no cloak)
rCorr    .         Rampage  .   (no gloves)
MR       .....                  (no boots)
Stlth    ..........             (no amulet)
HPRegen  0.17/turn              (no ring)
MPRegen  0.11/turn              (no ring)

@: slowed, lightly drained, very slow
A: distributed training, fangs 1, strong nose
a: Depart the Abyss, Bend Space, Banish, Renounce Religion


You were in an ossuary.
You worshipped Lugonu.
Lugonu was most pleased with you.
You visited 1 branch of the dungeon, and saw 4 of its levels.
You visited the Abyss 1 time.
You also visited: Ossuary.

You collected 245 gold pieces.

Inventory:

Hand Weapons
 a - a +3 hand axe (weapon)
 b - a cursed +4 battleaxe
Missiles
 n - 2 boomerangs (quivered)
Armour
 c - a +0 chain mail (worn)
 g - a +0 kite shield (worn)
Wands
 j - a wand of polymorph (9)
 s - a wand of paralysis (8)
Scrolls
 e - 4 scrolls of teleportation
 f - 5 scrolls of identify
 o - 2 scrolls of amnesia {unknown}
 p - 2 scrolls of magic mapping {unknown}
 q - a scroll of random uselessness {unknown}
 r - a scroll of remove curse
Potions
 d - 2 potions of heal wounds
 h - 2 potions of degeneration {unknown}
 i - a potion of magic {unknown}
 k - a potion of mutation {unknown}
 l - a potion of stabbing {unknown}
 m - a potion of resistance {unknown}


   Skills:
 + Level 6.8(6.5) Fighting
 + Level 1.9(1.6) Short Blades
 + Level 1.9(1.6) Long Blades
 + Level 4.9(4.7) Axes
 + Level 1.9(1.6) Maces & Flails
 + Level 1.9(1.6) Polearms
 + Level 1.9(1.6) Staves
 + Level 1.9(1.6) Slings
 + Level 1.9(1.6) Bows
 + Level 1.9(1.6) Crossbows
 + Level 1.9(1.6) Throwing
 + Level 4.9(4.7) Armour
 + Level 3.2(2.9) Dodging
 + Level 1.9(1.6) Stealth
 + Level 1.9(1.6) Shields
 + Level 1.9(1.6) Unarmed Combat
 + Level 1.9(1.6) Spellcasting
 + Level 1.5(1.2) Conjurations
 + Level 1.5(1.2) Hexes
 + Level 1.5(1.2) Summonings
 + Level 1.5(1.2) Necromancy
 + Level 1.5(1.2) Translocations
 + Level 1.5(1.2) Transmutations
 + Level 1.5(1.2) Fire Magic
 + Level 1.5(1.2) Ice Magic
 + Level 1.5(1.2) Air Magic
 + Level 1.5(1.2) Earth Magic
 + Level 1.5(1.2) Poison Magic
 + Level 5.0(4.7) Invocations
 + Level 1.9(1.6) Evocations


You had 8 spell levels left.
You didn't know any spells.
Your spell library was empty.

Dungeon Overview and Level Annotations

Branches:
Dungeon (4/15)            Ossuary (1/1)
 Temple: D:4-7

Altars:
Qazlal
Xom
Zin

Shops:
D:4 [


Innate Abilities, Weirdness & Mutations

Your experience applies equally to all skills.
You have very sharp teeth.
Your uncanny sense of smell can sniff out nearby items.


Message History

* * * LOW HITPOINT WARNING * * *
You hit the wraith. You bite the wraith, but do no damage.
The wraith is heavily damaged.
The wraith hits you.
* * * LOW HITPOINT WARNING * * *
You block the wraith's attack.
You hit the wraith but do no damage.
The wraith is heavily damaged.
You block the wraith's attack. The wraith hits you.
* * * LOW HITPOINT WARNING * * *
You hit the wraith.
The wraith is heavily damaged.
The wraith hits you.
* * * LOW HITPOINT WARNING * * *
The wraith drains your vigour!
You feel as though you will be slow longer.
You hit the wraith.
The wraith is severely damaged.
The wraith hits you!
You die...

###############
#.............#
#@W##.###.##).#
#.#.#.#z#.#.#.#
#.###.###.###.#
#.............#
#.............#
#.###.....###.#
#.#z#.....# #.#
#.###.....###.#
#.............#


You could see a wraith and a flying skull.

Vanquished Creatures
  2 wights (Ossuary)
  An orc wizard (D:4)
  A worker ant (D:4)
  A hound skeleton (D:4)
  5 adders
  An ooze (D:3)
  An adder zombie (Ossuary)
  A worm (D:3)
  A dart slug (D:1)
  3 leopard geckos
  8 orcs
  10 bats
  A giant cockroach (D:2)
  6 goblins
  7 hobgoblins
  2 jackals (D:2)
  3 quokkas
  2 ball pythons
  3 ball python skeletons (Ossuary)
  4 frilled lizards
  A hobgoblin skeleton (Ossuary)
  A hobgoblin zombie (Ossuary)
  A jackal skeleton (D:4)
  6 kobolds
  2 orc skeletons (Ossuary)
  2 orc zombies (Ossuary)
  11 rats
87 creatures vanquished.

Notes
Turn   | Place    | Note
-------+----------+-------------------------------------------
     0 | Abyss:1  | Gargoyl the Gnoll Abyssal Knight began the quest for the
                  | Orb.
     0 | Abyss:1  | Reached XP level 1. HP: 23/23 MP: 3/3
     1 | Abyss:1  | Found a corrupted altar of Lugonu.
    62 | Abyss:1  | Noticed a water elemental
    65 | D:1      | Escaped the Abyss
   240 | D:1      | Reached XP level 2. HP: 24/29 MP: 5/5
   333 | D:1      | Reached * piety under Lugonu
   968 | D:2      | Reached XP level 3. HP: 35/35 MP: 6/6
  1245 | D:2      | Found a shimmering altar of Xom.
  1345 | D:2      | Found a glowing silver altar of Zin.
  1406 | D:2      | Found a shimmering altar of Xom.
  1407 | D:2      | Found a shimmering altar of Xom.
  1408 | D:2      | Found a shimmering altar of Xom.
  1411 | D:2      | Found a shimmering altar of Xom.
  1577 | D:3      | Reached skill level 1 in Short Blades
  1577 | D:3      | Reached skill level 1 in Long Blades
  1577 | D:3      | Reached skill level 1 in Maces & Flails
  1577 | D:3      | Reached skill level 1 in Polearms
  1577 | D:3      | Reached skill level 1 in Staves
  1577 | D:3      | Reached skill level 1 in Slings
  1577 | D:3      | Reached skill level 1 in Bows
  1577 | D:3      | Reached skill level 1 in Crossbows
  1577 | D:3      | Reached skill level 1 in Throwing
  1577 | D:3      | Reached skill level 1 in Stealth
  1577 | D:3      | Reached skill level 1 in Shields
  1577 | D:3      | Reached skill level 1 in Unarmed Combat
  1577 | D:3      | Reached skill level 1 in Spellcasting
  1577 | D:3      | Reached skill level 1 in Evocations
  1585 | D:3      | Reached XP level 4. HP: 29/41 MP: 7/7
  1587 | D:3      | Reached ** piety under Lugonu
  2015 | D:3      | Reached skill level 1 in Conjurations
  2015 | D:3      | Reached skill level 1 in Hexes
  2015 | D:3      | Reached skill level 1 in Summonings
  2015 | D:3      | Reached skill level 1 in Necromancy
  2015 | D:3      | Reached skill level 1 in Translocations
  2015 | D:3      | Reached skill level 1 in Transmutations
  2015 | D:3      | Reached skill level 1 in Fire Magic
  2015 | D:3      | Reached skill level 1 in Ice Magic
  2015 | D:3      | Reached skill level 1 in Air Magic
  2015 | D:3      | Reached skill level 1 in Earth Magic
  2015 | D:3      | Reached skill level 1 in Poison Magic
  2201 | D:3      | Found a faded altar of an unknown god.
  2267 | D:3      | Reached XP level 5. HP: 42/47 MP: 8/8
  2416 | D:4      | Found Fuzo's Armour Shop.
  2650 | D:4      | Found a stormy altar of Qazlal.
  2869 | D:4      | Found a sand-covered staircase.
  2875 | Ossuary  | Entered an ossuary
  2956 | Ossuary  | Reached *** piety under Lugonu
  2985 | Ossuary  | Noticed a wraith
  2985 | Ossuary  | Noticed a flying skull
  2992 | Ossuary  | Noticed a flying skull
  3015 | Ossuary  | Reached skill level 5 in Invocations
  3015 | Ossuary  | Reached XP level 6. HP: 33/53 MP: 9/9
  3214 | Ossuary  | Noticed a flying skull
  3222 | Ossuary  | Noticed a wraith
  3235 | Ossuary  | HP: 2/53 [wraith (5)]
  3237 | Ossuary  | Slain by a wraith

Illustrated notes

Levels and vault maps discovered:
D:1:      lemuel_arrival_broad_hall, layout_basic
D:2:      layout_rooms, old_standard_altar, minmay_door_square, xom_redecorated
D:3:      layout_rooms, chequers_ecumenical_altar_island
D:4:      layout_loops_cross, nicolae_qazlal_general_emergency,
          nicolae_ossuary_entry_plus, serial_shops, nicolae_shop_trees,
          kennysheep_generic_room_15
Ossuary:  ossuary_due_cavern

Skill      XL: |  1  2  3  4  5 |
---------------+----------------+-----
Short Blades   | 1 |  1.9
Long Blades    | 1 |  1.9
Maces & Flails | 1 |  1.9
Polearms       | 1 |  1.9
Staves         | 1 |  1.9
Slings         | 1 |  1.9
Bows           | 1 |  1.9
Crossbows      | 1 |  1.9
Throwing       | 1 |  1.9
Stealth        | 1 |  1.9
Shields        | 1 |  1.9
Unarmed Combat | 1 |  1.9
Spellcasting   | 1 |  1.9
Evocations     | 1 |  1.9
Conjurations   | 1 |  1.5
Hexes          | 1 |  1.5
Summonings     | 1 |  1.5
Necromancy     | 1 |  1.5
Translocations | 1 |  1.5
Transmutations | 1 |  1.5
Fire Magic     | 1 |  1.5
Ice Magic      | 1 |  1.5
Air Magic      | 1 |  1.5
Earth Magic    | 1 |  1.5
Poison Magic   | 1 |  1.5
Dodging        | 3 |  3.2
Invocations    | 5 |  5.0
Fighting       | |  6.8
Axes           | |  4.9
Armour         | |  4.9

Action                   |  1- 3 |  4- 6 || total
-------------------------+-------+-------++-------
Melee: Hand axe          |    89 |   167 ||   256
       Bite              |     9 |    18 ||    27
Invok: Depart the Abyss  |     1 |       ||     1
  Use: Scroll            |     6 |     1 ||     7
       Potion            |       |     4 ||     4
Armor: Chain mail        |    63 |    92 ||   155
Dodge: Dodged            |    36 |    39 ||    75
Block: Kite shield       |    16 |    93 ||   109

Table legend: (Time is in decaauts)
 A = Elapsed time spent in this place.
 B = Non-inter-level travel time spent in this place.
 C = Inter-level travel time spent in this place.
 D = Time resting spent in this place.
 E = Time spent auto-exploring this place.
 F = Levels seen in this place.
 G = Mean time per level.
                   A        B        C        D        E       F      G
               +--------+--------+--------+--------+--------+-----+--------+
         Total |   3282 |   3231 |     51 |    412 |   2034 |   6 |  547.0 |
       Dungeon |   2841 |   2790 |     51 |    302 |   1858 |   4 |  710.2 |
         Abyss |     65 |     65 |      0 |      0 |     62 |   1 |   65.0 |
       Ossuary |    376 |    376 |      0 |    110 |    114 |   1 |  376.0 |
               +--------+--------+--------+--------+--------+-----+--------+

Top non-repeatable levels by time:
     D:3: 884 daAuts
     D:1: 820 daAuts
     D:2: 659 daAuts
     D:4: 476 daAuts
 Ossuary: 376 daAuts
 Abyss:1: 65 daAuts
